 Dungeon Crawl Stone Soup version 0.29-a0-330-g52719c12eb (webtiles) character file.

Game seed: 6105882084826109207

1638 dohliylev the Ruffian (level 8, -1/75 HPs)
             Began as a Troll Fighter on May 11, 2022.
             Splashed by a jelly's acid (8 damage)
             ... on level 7 of the Dungeon.
             The game lasted 00:13:18 (4508 turns).

dohliylev the Ruffian (Troll Fighter)               Turns: 4508, Time: 00:13:19

Health: -1/75      AC:  1    Str: 27    XL:     8   Next: 66%
Magic:  9/9        EV:  9    Int:  4    God:
Gold:   272        SH:  8    Dex:  9    Spells: 6/10 levels left

rFire   . . .      SeeInvis .     - Unarmed
rCold   . . .      Faith    .   b - +0 kite shield
rNeg    . . .      Spirit   .   a - +0 robe
rPois   +          Reflect  .   (helmet restricted)
rElec   .          Harm     .   C - +0 cloak
rCorr   .          Rampage  .   (gloves unavailable)
Will    .....                   (boots unavailable)
Stlth   +.........              A - amulet of the acrobat
HPRegen 1.02/turn               B - ring of poison resistance
MPRegen 0.11/turn               D - +4 ring of slaying

@: corroded
A: large, unfitting armour, claws 3, regeneration 1, shaggy fur 1, tough skin 1
a: no special abilities


You were on level 7 of the Dungeon.
You visited 2 branches of the dungeon, and saw 8 of its levels.

You collected 272 gold pieces.

Inventory:

Hand Weapons
 x - the +6 flail of Mayhem {vorpal, rF+++ rCorr MP+9 Str-4 SInv}
   (You found it on level 3 of the Dungeon)

   It inflicts extra damage upon your enemies.
   Str:       It affects your strength (-4).
   rF:        It renders you almost immune to fire.
   MP:        It affects your magic capacity (+9).
   SInv:      It lets you see invisible.
   rCorr:     It protects you from acid and corrosion.
Armour
 a - a +0 robe (worn)
 b - a +0 kite shield (worn)
 C - a +0 cloak (worn)
Jewellery
 n - a ring of see invisible
 A - an amulet of the acrobat (around neck)
 B - a ring of poison resistance (left claw)
 D - a +4 ring of slaying (right claw)
Wands
 u - a wand of iceblast (9)
Scrolls
 d - a scroll of amnesia {unknown}
 f - a scroll of vulnerability {unknown}
 h - a scroll of blinking {unknown}
 m - 3 scrolls of brand weapon {unknown}
 o - 5 scrolls of torment {unknown}
 r - a scroll of immolation {unknown}
 s - a scroll of noise {unknown}
 t - 2 scrolls of enchant armour {unknown}
 v - 4 scrolls of teleportation {unknown}
 y - 3 scrolls of identify {unknown}
 z - a scroll of fear {unknown}
Potions
 c - 2 potions of might
 e - 2 potions of mutation {unknown}
 g - a potion of heal wounds {unknown}
 i - 2 potions of brilliance {unknown}
 j - a potion of flight {unknown}
 k - a potion of lignification {unknown}
 l - 2 potions of degeneration {unknown}
 p - 4 potions of curing {unknown}
 q - a potion of berserk rage {unknown}
 w - a potion of resistance {unknown}
 E - a potion of ambrosia {unknown}


   Skills:
 + Level 3.4 Fighting
 + Level 4.7 Dodging
 + Level 4.4 Shields
 + Level 7.3 Unarmed Combat
 + Level 1.7 Spellcasting
 + Level 1.8 Translocations


You had 6 spell levels left.
You knew the following spells:

 Your Spells              Type           Power      Damage    Failure   Level
a - Swiftness             Air            0%         N/A       97%         3
b - Apportation           Tloc           2%         N/A       47%         1

Your spell library contained the following spells:

 Spells                   Type           Power      Damage    Failure   Level
 Animate Skeleton         Necr           0%         N/A       73%         1
 Summon Small Mammal      Summ           0%         N/A       73%         1
 Gell's Gravitas          Tloc           1%         N/A       85%         3
 Lesser Beckoning         Tloc           1%         N/A       85%         3
 Teleport Other           Tloc           1%         N/A       85%         3
 Ensorcelled Hibernation  Hex/Ice        0%         N/A       86%         2
 Passwall                 Tmut/Erth      0%         N/A       86%         2
 Portal Projectile        Hex/Tloc       2%         N/A       93%         3
 Call Canine Familiar     Summ           0%         N/A       97%         3
 Conjure Flame            Conj/Fire      0%         6-21      97%         3
 Ignite Poison            Fire/Tmut/Pois 0%         N/A       97%         3
 Mephitic Cloud           Conj/Pois/Air  0%         N/A       97%         3
 Spider Form              Tmut/Pois      0%         N/A       97%         3
 Anguish                  Hex/Necr       0%         N/A       100%        4
 Animate Dead             Necr           0%         N/A       100%        4
 Leda's Liquefaction      Hex/Erth       0%         N/A       100%        4
 Sticky Flame             Conj/Fire      0%         2d3       100%        4
 Blade Hands              Tmut           0%         N/A       100%        5
 Borgnjor's Vile Clutch   Necr/Erth      0%         N/A       100%        5
 Excruciating Wounds      Necr           0%         N/A       100%        5
 Freezing Cloud           Conj/Ice/Air   0%         6-21      100%        5
 Death Channel            Necr           0%         N/A       100%        6
 Dispersal                Tloc           0%         N/A       100%        6


Dungeon Overview and Level Annotations

Branches:
Dungeon (7/15)             Temple (1/1) D:5

Altars:
Ashenzari
Cheibriados
Dithmenos
Gozag
Hepliaklqana
Kikubaaqudgha
Makhleb
Nemelex Xobeh
Ru
Sif Muna
Trog
Uskayaw
Vehumet
Wu Jian
Xom
Yredelemnul
Zin
The Shining One

Shops:
D:1 =   D:5 !

Annotations:
D:4 1 runed translucent door, initializr's ghost, amateur TrFi


Innate Abilities, Weirdness & Mutations

You are too large for most types of armour.
You have claws for hands.
Your natural rate of healing is unusually fast.
You are covered in fur. (AC +1)
You have tough skin. (AC +1)


Message History

You hear a loud, deep croak!
You hear a shout! x2
You scratch the steam dragon.
The steam dragon is moderately wounded.
You are engulfed in a cloud of scalding steam.
You block the steam dragon's attack.
The steam dragon claws you but does no damage.
You claw the steam dragon!
The steam dragon is almost dead.
You are engulfed in a cloud of scalding steam.
The steam dragon bites you but does no damage.
The steam dragon closely misses you.
You barely miss the steam dragon.
The steam dragon is almost dead.
You are engulfed in a cloud of scalding steam.
A bullfrog comes into view.
The steam dragon breathes steam at you. The ball of steam hits you!
* * * LOW HITPOINT WARNING * * *
You hear a shout!
The steam dragon misses you. The steam dragon closely misses you.
You claw the steam dragon!
You kill the steam dragon!
The steam dragon scales are intact enough to wear.
Really walk into that teleport trap?
You enter a teleport trap!
The teleport trap disappears.
Your surroundings suddenly seem different.
A jelly comes into view.
Found 11 gold pieces.
The jelly quivers.
You scratch the jelly.
Your claws burn!
* * * LOW HITPOINT WARNING * * *
The jelly is moderately wounded.
The jelly barely misses you.
You claw the jelly! The acid corrodes you!
Your claws burn!
* * * LOW HITPOINT WARNING * * *
The jelly is almost dead.
The jelly hits you.
* * * LOW HITPOINT WARNING * * *
You are splashed with acid!
You die...

#.# #.#
#.# #.#
#.#
#####.#
#.$...#
#J@#
#..#
#..#
#..#
...#
#..##
#.. #..


You could see a jelly.

Vanquished Creatures
  A steam dragon (D:7)
  2 black bears
  2 sky beasts
  3 ogres
  A centaur (D:6)
  A bullfrog (D:5)
  3 wights (D:6)
  2 jellies
  A gnoll shaman (D:4)
  3 hounds
  Jessica (D:3)
  4 iguanas
  2 orc wizards (D:6)
  A hound zombie (D:3)
  7 gnolls
  3 adders
  A shadow imp (D:5)
  4 worms
  4 dart slugs
  9 orcs
  7 ball pythons
  5 bats
  8 endoplasms
  5 giant cockroaches
  5 goblins
  9 hobgoblins
  9 jackals
  9 kobolds
  2 quokkas
  4 frilled lizards
  A quokka zombie (D:3)
  8 rats
127 creatures vanquished.

Vanquished Creatures (others)
  2 withered plants (D:1)
2 creatures vanquished.

Grand Total: 129 creatures vanquished

Notes
Turn   | Place    | Note
-------+----------+-------------------------------------------
     0 | D:1      | dohliylev the Troll Fighter began the quest for the Orb.
     0 | D:1      | Reached XP level 1. HP: 22/22 MP: 0/0
    13 | D:1      | Found Ewkil's Jewellery Boutique.
   148 | D:1      | Found a faded altar of an unknown god.
   161 | D:1      | Reached XP level 2. HP: 29/29 MP: 1/1
   513 | D:2      | Reached XP level 3. HP: 36/36 MP: 2/2
   939 | D:2      | Reached XP level 4. HP: 44/44 MP: 3/3
  1015 | D:3      | Reached skill level 3 in Unarmed Combat
  1036 | D:3      | Learned a level 3 spell: Swiftness
  1192 | D:3      | Found a radiant altar of Vehumet.
  1196 | D:3      | Noticed Jessica
  1219 | D:3      | Killed Jessica
  1305 | D:3      | Identified the +6 flail of Mayhem {vorpal, rF+++ rCorr MP+9
                  | Str-4 SInv}
  1310 | D:3      | Reached XP level 5. HP: 52/52 MP: 4/4
  1311 | D:3      | Found a basalt altar of Yredelemnul.
  1500 | D:3      | Found a snail-covered altar of Cheibriados.
  1618 | D:4      | Noticed an ogre
  1638 | D:5      | Entered Level 5 of the Dungeon
  1693 | D:5      | Reached skill level 4 in Unarmed Combat
  1986 | D:5      | Noticed an ogre
  1986 | D:5      | Noticed a sky beast
  1987 | D:5      | Found a burning altar of Makhleb.
  1987 | D:5      | Noticed an Executioner
  2005 | D:4      | Reached XP level 6. HP: 61/61 MP: 5/5
  2365 | D:4      | Reached skill level 5 in Unarmed Combat
  2388 | D:4      | Reached XP level 7. HP: 57/67 MP: 6/6
  2636 | D:4      | Found a runed translucent door.
  2639 | D:4      | Noticed initializr's ghost (amateur TrFi)
  2945 | D:5      | Learned a level 1 spell: Apportation
  2960 | D:5      | Found Joimyosumn's Distillery.
  3004 | D:5      | Found a staircase to the Ecumenical Temple.
  3058 | Temple   | Entered the Ecumenical Temple
  3233 | D:5      | Reached skill level 6 in Unarmed Combat
  3451 | D:5      | Found a shimmering blue altar of Sif Muna.
  3599 | D:6      | Found a glowing silver altar of Zin.
  3608 | D:6      | Noticed an angel
  3623 | D:6      | Found a shimmering altar of Xom.
  3714 | D:6      | Reached XP level 8. HP: 65/75 MP: 7/7
  3905 | D:6      | Reached skill level 1 in Translocations
  3984 | D:6      | Reached skill level 1 in Spellcasting
  4203 | D:6      | Reached skill level 7 in Unarmed Combat
  4508 | D:7      | Splashed by a jelly's acid

Illustrated notes

Levels and vault maps discovered:
D:1:      saegor_arrival_miasma, layout_basic,
          shapermc_ecumenical_altar_flowoftime, serial_shops, nicolae_shop_stone
D:2:      layout_rooms, kennysheep_generic_room_5
D:3:      layout_loops_ring, lemuel_zombie_altar_yredelemnul,
          grunt_temple_overflow_open, st_stairs_9, minivault_19, moated_statue,
          uniq_jessica
D:4:      layout_basic, ebering_ghost_sewer_d
D:5:      layout_gridville, lemuel_blue_sif_altar, makhleb_altar_promises_db,
          minmay_temple_entry_glass, serial_shops, shop_fountains
D:6:      layout_loops_ring, grunt_temple_overflow_order_and_chaos_1
D:7:      layout_basic
Temple:   jpeg_temple_clearing

Skill      XL: |  1  2  3  4  5  6  7  8 |
---------------+-------------------------+-----
Unarmed Combat | 3 4 5 6 7 |  7.3
Shields        | 3 4 |  4.4
Dodging        | 3 4 |  4.7
Fighting       | 3 |  3.4
Translocations | 1 |  1.8
Spellcasting   | 1 |  1.7

Action                   |  1- 3 |  4- 6 |  7- 9 || total
-------------------------+-------+-------+-------++-------
Melee: Unarmed           |   102 |   122 |   132 ||   356
 Cast: Apportation       |       |       |     9 ||     9
Armor: Robe              |    21 |    30 |    24 ||    75
Dodge: Dodged            |    38 |    53 |    54 ||   145
Block: Kite shield       |    23 |    60 |    41 ||   124

Table legend: (Time is in decaauts)
 A = Elapsed time spent in this place.
 B = Non-inter-level travel time spent in this place.
 C = Inter-level travel time spent in this place.
 D = Time resting spent in this place.
 E = Time spent auto-exploring this place.
 F = Levels seen in this place.
 G = Mean time per level.
                   A        B        C        D        E       F      G
               +--------+--------+--------+--------+--------+-----+--------+
         Total |   4525 |   4396 |    129 |    341 |   2594 |   8 |  565.6 |
       Dungeon |   4386 |   4274 |    112 |    341 |   2485 |   7 |  626.6 |
        Temple |    138 |    121 |     17 |      0 |    109 |   1 |  138.0 |
               +--------+--------+--------+--------+--------+-----+--------+

Top non-repeatable levels by time:
     D:4: 1013 daAuts
     D:6: 900 daAuts
     D:5: 853 daAuts
     D:3: 620 daAuts
     D:2: 519 daAuts
     D:1: 456 daAuts
  Temple: 138 daAuts
     D:7: 22 daAuts
